 Dungeon Crawl Stone Soup version 0.30-a0-591-g3c58d2bc28 (webtiles) character file.

Game seed: 8675198645402302186

3889 avis the Nimble (level 9, -5/106 HPs)
             Began as a Demigod Ice Elementalist on Jan 5, 2023.
             Slain by an orc knight
             ... wielding a +0 glaive
              (13 damage)
             ... in a bailey.
             The game lasted 00:48:59 (9436 turns).

avis the Nimble (Demigod Ice Elementalist)          Turns: 9436, Time: 00:49:00

Health: -5/106     AC: 30    Str:  9    XL:     9   Next: 68%
Magic:  6/16       EV:  2    Int: 17    God:
Gold:   495        SH:  0    Dex: 26    Spells: 6/13 levels left

rFire   . . .      SeeInvis .    b - +0 shortbow
rCold   . . .      Faith    .    (shield currently unavailable)
rNeg    . . .      Spirit   .    (body armour currently unavailable)
rPois   +          Reflect  .    (helmet currently unavailable)
rElec   .          Harm     .    (cloak currently unavailable)
rCorr   +          Rampage  .    (gloves currently unavailable)
Will    .....      NoTele   +    (boots currently unavailable)
Stlth   +++                      (no amulet)
HPRegen 0.37/turn                E - ring of resist corrosion
MPRegen 0.15/turn                m - +5 ring of evasion

@: ice-armoured, tree-form
A: stationary, stasis, torment immunity, boosted hp, high MP 1, forlorn, divine
attributes
a: no special abilities


You were in a bailey.
You were a tree.
You visited 2 branches of the dungeon, and saw 10 of its levels.
You also visited: Bailey.

You collected 495 gold pieces.

Inventory:

Hand Weapons
 a - a +0 long sword
 b - a +0 shortbow (weapon)
 c - a +0 falchion of holy wrath
 w - a +3 dagger of venom
 I - a +6 flail of protection
Missiles
 h - 31 poisoned darts
Armour
 d - a +2 ring mail of fire resistance
 g - a +0 crystal plate armour
 k - a +0 buckler
 A - a +2 robe of willpower (melded)
 B - a +0 cloak (melded)
 R - a +1 hat (melded)
Jewellery
 m - a +5 ring of evasion (right branch)
 x - a ring of fire
 E - a ring of resist corrosion (left branch)
Scrolls
 j - 2 scrolls of brand weapon {unknown}
 q - 2 scrolls of fear {unknown}
 s - a scroll of torment {unknown}
 v - 2 scrolls of teleportation {unknown}
 M - a scroll of blinking {unknown}
 P - a scroll of amnesia {unknown}
 Q - a scroll of enchant armour {unknown}
 S - a scroll of enchant weapon {unknown}
Potions
 e - 5 potions of might
 f - a potion of lignification
 l - 3 potions of invisibility {unknown}
 n - 3 potions of flight
 o - 3 potions of attraction
 p - 3 potions of magic
 r - 2 potions of mutation {unknown}
 t - 2 potions of heal wounds {unknown}
 z - a potion of ambrosia {unknown}
 D - a potion of degeneration {unknown}
 G - a potion of berserk rage {unknown}
 K - 2 potions of cancellation {unknown}
 L - 2 potions of brilliance


   Skills:
 - Level 4.0 Fighting
 - Level 8.0 Long Blades
 * Level 9.4 Dodging
 - Level 2.0 Stealth
 - Level 2.5 Spellcasting
 - Level 4.0 Ice Magic


You had 6 spell levels left.
You knew the following spells:

 Your Spells              Type           Power      Damage    Failure   Level
a - Freeze                Ice            60%        1d7       3%          1
o - Ozocubu's Armour      Ice            15%        N/A       11%         3
r - Frozen Ramparts       Ice            30%        1d5       11%         3

Your spell library contained the following spells:

 Spells                   Type           Power      Damage    Failure   Level
 Ignite Poison            Fire/Tmut/Pois 2%         N/A       50%         3
 Kindle Blastsparks       Fire/Tloc/Air  4%         2d10      50%         3
 Summon Ice Beast         Ice/Summ       8%         N/A       63%         4
 Freezing Cloud           Conj/Ice/Air   3%         6-21      96%         5


Dungeon Overview and Level Annotations

Branches:
Dungeon (10/15)            Temple (1/1) D:6            Lair (0/5) D:9
 Bailey (1/1)
    Orc: D:9-12

Shops:
D:5 =   D:6 !


Innate Abilities, Weirdness & Mutations

You are a tree.
Your roots penetrate the ground, keeping you stationary.
You cannot be teleported.
You are immune to unholy pain and torment.
Your maximum health is greatly increased.
Your equipment is partially melded.
You have an increased reservoir of magic. (+10% MP)
You shall have no god before yourself.
Your divine heritage dramatically boosts your attributes as you level up.


Message History

Aim: an orc knight, wielding a +0 glaive and wearing a +0 scale mail (heavily wounded, 61% to hit)
You shoot an arrow. The arrow barely misses the orc knight.
The wall freezes the orc knight.
The orc knight hits you but does no damage.
Fire: b) +0 shortbow
Press: ? - help, Q - select action, (/) - cycle Shift-Dir - straight line, f/p - orc knight
Aim: an orc knight, wielding a +0 glaive and wearing a +0 scale mail (heavily wounded, 61% to hit)
You shoot an arrow.
The arrow closely misses the orc knight.
The wall freezes the orc knight.
The orc knight hits you from afar with a +0 glaive!
* * * LOW HITPOINT WARNING * * *
The wall freezes the orc knight.
The orc knight hits you from afar with a +0 glaive.
* * * LOW HITPOINT WARNING * * *
Fire: b) +0 shortbow
Press: ? - help, Q - select action, (/) - cycle Shift-Dir - straight line, f/p - orc knight
Aim: an orc knight, wielding a +0 glaive and wearing a +0 scale mail (severely wounded, 61% to hit)
You shoot an arrow.
The arrow closely misses the orc knight.
The wall freezes the orc knight but does no damage.
The orc knight hits you but does no damage.
Fire: b) +0 shortbow
Press: ? - help, Q - select action, (/) - cycle Shift-Dir - straight line, f/p - orc knight
Aim: an orc knight, wielding a +0 glaive and wearing a +0 scale mail (severely wounded, 61% to hit)
You shoot an arrow. The arrow hits the orc knight.
The orc knight is severely wounded.
The wall freezes the orc knight but does no damage.
The orc knight hits you but does no damage.
The wall freezes the orc knight.
The orc knight hits you but does no damage.
Fire: b) +0 shortbow
Press: ? - help, Q - select action, (/) - cycle Shift-Dir - straight line, f/p - orc knight
Aim: an orc knight, wielding a +0 glaive and wearing a +0 scale mail (severely wounded, 61% to hit)
You shoot an arrow.
The arrow hits the orc knight but does no damage.
The orc knight is severely wounded.
The frozen ramparts melt away.
The orc knight hits you from afar with a +0 glaive!
You die...

#∩.....∩#
#.......#
#.......#
#..#.#..#
#)##8##.#
#).#.#..#
#)......#
#.......#
#...♣...#
##.....##
###o###
#...#
#...#
#..)#
#...#
###)###
##.))).##


You could see an orc knight.

Vanquished Creatures
  An orc knight (Bailey)
  2 kobold demonologists (D:10)
  Sigmund (D:5)
  4 yaks (D:10)
  Edmund (D:5)
  A water moccasin (D:5)
  4 orc warriors (Bailey)
  A sky beast (D:7)
  An ice beast (D:5)
  A centaur (D:6)
  2 kobold brigands (D:5)
  3 necrophages
  6 scorpions
  A howler monkey (D:4)
  A jelly (D:6)
  A hound (D:4)
  A gnoll bouda (D:5)
  Jessica (D:3)
  5 iguanas
  2 orc wizards (D:6)
  12 gnolls
  9 adders
  3 white imps
  2 worms
  3 dart slugs
  29 orcs
  6 ball pythons
  5 bats
  9 endoplasms
  3 giant cockroaches
  2 goblins
  8 hobgoblins
  4 jackals (D:3)
  13 kobolds
  4 quokkas
  2 frilled lizards
  3 rats
157 creatures vanquished.

Vanquished Creatures (others)
  A plant (D:5)
1 creature vanquished.

Grand Total: 158 creatures vanquished

Notes
Turn   | Place    | Note
-------+----------+-------------------------------------------
     0 | D:1      | avis the Demigod Ice Elementalist began the quest for the
                  | Orb.
     0 | D:1      | Reached XP level 1. HP: 14/14 MP: 5/5
   344 | D:1      | Reached XP level 2. HP: 16/20 MP: 0/7
  1407 | D:2      | Reached XP level 3. HP: 27/27 MP: 4/9
  1552 | D:2      | Learned a level 3 spell: Frozen Ramparts
  1556 | D:2      | Learned a level 3 spell: Ozocubu's Armour
  1637 | D:2      | Reached skill level 1 in Fighting
  2829 | D:3      | Reached skill level 2 in Dodging
  2997 | D:3      | Noticed Jessica
  3003 | D:3      | Killed Jessica
  3004 | D:3      | Reached skill level 1 in Long Blades
  3004 | D:3      | Reached XP level 4. HP: 36/36 MP: 3/10
  3189 | D:3      | Noticed a necrophage
  3217 | D:3      | Killed a necrophage
  3218 | D:3      | Reached XP level 5. HP: 41/41 MP: 5/11
  3756 | D:4      | Reached skill level 3 in Dodging
  4668 | D:5      | Entered Level 5 of the Dungeon
  4972 | D:4      | Reached XP level 6. HP: 47/48 MP: 5/12
  5130 | D:5      | Reached skill level 4 in Dodging
  5533 | D:5      | Found Toiv's Jewellery Boutique.
  5761 | D:5      | Reached XP level 7. HP: 55/55 MP: 6/13
  5811 | D:5      | Noticed Sigmund
  5819 | D:5      | Killed Sigmund
  5820 | D:5      | Reached skill level 5 in Long Blades
  5876 | D:5      | Noticed Edmund
  5898 | D:5      | Killed Edmund
  5903 | D:5      | Reached skill level 5 in Dodging
  6103 | D:5      | Reached XP level 8. HP: 56/61 MP: 5/14
  6451 | D:5      | Reached skill level 6 in Dodging
  7270 | D:6      | Found a staircase to the Ecumenical Temple.
  7351 | D:6      | Found Qaifyxzo's Distillery.
  7921 | Temple   | Entered the Ecumenical Temple
  8468 | D:7      | You fall into a shaft and drop 3 floors!
  8468 | D:10     | Entered Level 10 of the Dungeon
  8476 | D:10     | Noticed a kobold demonologist
  8489 | D:10     | Noticed a kobold demonologist
  8492 | D:10     | Killed a kobold demonologist
  8497 | D:10     | Noticed a red devil
  8500 | D:10     | Killed a kobold demonologist
  8501 | D:10     | Reached skill level 7 in Dodging
  8501 | D:10     | Reached XP level 9. HP: 63/67 MP: 2/16
  8511 | D:10     | Reached skill level 8 in Dodging
  8850 | D:9      | Noticed a fire crab
  8851 | D:9      | Found a staircase to the Lair.
  8909 | D:9      | Found a flagged portal.
  8922 | Bailey   | Entered a bailey
  9259 | Bailey   | Noticed an orc knight
  9295 | Bailey   | Killed an orc knight
  9296 | Bailey   | Reached skill level 9 in Dodging
  9352 | Bailey   | Noticed an orc knight
  9426 | Bailey   | HP: 5/106 [orc knight/+0 glaive (8)]
  9436 | Bailey   | Slain by an orc knight

Illustrated notes

Levels and vault maps discovered:
D:1:      reono_arrival_forest_river, layout_basic
D:2:      layout_basic, basic_altar
D:3:      layout_rooms, nicolae_ashenzari_skybound,
          chequers_ecumenical_altar_grove, chequers_serial_rivers_micro_b,
          chequers_serial_rivers_room_a, uniq_jessica
D:4:      layout_basic, grunt_temple_overflow_open
D:5:      layout_basic, serial_shops, nicolae_shop_crystal, minivault_24,
          sigmund_edmund_badplayer
D:6:      layout_cave_pods, minmay_temple_entry_glass, serial_shops,
          nicolae_shop_behind_doors, kennysheep_generic_room_4
D:7:      layout_basic, nicolae_ru_awakened_eye
D:9:      layout_irregular_city, lemuel_round_altar, minmay_lair_entry_lava,
          serial_shops, shop, enter_bailey_4, chequers_serial_rivers_large_a
D:10:     layout_loops_corners, mainiacjoe_overflow_tiny_flanked,
          minmay_ruffians
Temple:   oiseaux_autumnal_temple
Bailey:   bailey_polearm_5, bailey

Skill      XL: |  1  2  3  4  5  6  7  8  9 |
---------------+----------------------------+-----
Ice Magic      | 4 |  4.0
Spellcasting   | 2 |  2.5
Fighting       | 2 4 |  4.0
Dodging        | 2 3 4 5 7 9 |  9.4
Stealth        | 2 |  2.0
Long Blades    | 1 2 3 4 6 8 |  8.0

Action                   |  1- 3 |  4- 6 |  7- 9 || total
-------------------------+-------+-------+-------++-------
Melee: Short sword       |     1 |       |       ||     1
       Long sword        |       |     4 |    90 ||    94
       Dagger            |       |    56 |    60 ||   116
       Punch             |       |     2 |     7 ||     9
       Falchion          |       |       |     6 ||     6
 Fire: Sling             |    57 |    65 |    18 ||   140
       Shortbow          |       |       |    79 ||    79
 Cast: Freeze            |    42 |       |       ||    42
       Frozen Ramparts   |     5 |    17 |    33 ||    55
       Ozocubu's Armour  |     4 |    11 |    25 ||    40
  Use: Potion            |       |       |     5 ||     5
       Scroll            |       |       |     5 ||     5
 Stab: Sleeping          |     1 |       |       ||     1
Armor: Robe              |    14 |    32 |    51 ||    97
       Skin              |       |       |    13 ||    13
Dodge: Dodged            |    34 |    47 |   172 ||   253

Table legend: (Time is in decaauts)
 A = Elapsed time spent in this place.
 B = Non-inter-level travel time spent in this place.
 C = Inter-level travel time spent in this place.
 D = Time resting spent in this place.
 E = Time spent auto-exploring this place.
 F = Levels seen in this place.
 G = Mean time per level.
                   A        B        C        D        E       F      G
               +--------+--------+--------+--------+--------+-----+--------+
         Total |   9502 |   8605 |    897 |   2712 |   4127 |  11 |  863.8 |
       Dungeon |   8949 |   8052 |    897 |   2371 |   4127 |   9 |  994.3 |
        Temple |     14 |     14 |      0 |      0 |      0 |   1 |   14.0 |
        Bailey |    537 |    537 |      0 |    341 |      0 |   1 |  537.0 |
               +--------+--------+--------+--------+--------+-----+--------+

Top non-repeatable levels by time:
     D:5: 1696 daAuts
     D:4: 1466 daAuts
     D:3: 1221 daAuts
     D:1: 1209 daAuts
     D:2: 1203 daAuts
     D:6: 1178 daAuts
  Bailey: 537 daAuts
     D:7: 520 daAuts
    D:10: 275 daAuts
     D:9: 178 daAuts
  Temple: 14 daAuts
